 Dungeon Crawl Stone Soup version 0.21.0-3-g78d12a8 (webtiles) character file.

65 theanonym the Conjurer (level 4, 0/27 HPs)
             Began as an Octopode Conjurer on Jan 10, 2018.
             Succumbed to a kobold's poison
             ... on level 3 of the Dungeon.
             The game lasted 00:06:26 (2746 turns).

theanonym the Conjurer (Octopode Conjurer)          Turns: 2746, Time: 00:06:26

Health: 0/27       AC:  1    Str:  4 (7)  XL:     4   Next: 13%
Magic:  5/8        EV: 13    Int: 15 (18) God:
Gold:   284        SH:  3    Dex: 11 (12) Spells: 0/8 levels left

rFire    . . .     SeeInvis .   a - +0 dagger (vamp)
rCold    . . .     Gourm    .   (no shield)
rNeg     . . .     Faith    .   (helmet restricted)
rPois    .         Spirit   .   p - +3 amulet of reflection
rElec    .         Reflect  +   f - ring of flight {+Fly}
rCorr    .         Harm     .   (no ring)
MR       .....                  (no ring)
Stlth    +++.......             (no ring)
HPRegen  0.09/turn              (no ring)
MPRegen  0.11/turn              (no ring)
                                (no ring)
                                (no ring)

@: lethally poisoned (0 -> -10), berserk cooldown, slowed, very slow
A: almost no armour, stealthy swim, amphibious, 8 rings, constrict 8, camouflage
1, gelatinous body 1
a: Evoke Flight


Innate Abilities, Weirdness & Mutations

You cannot wear most types of armour.
You are very stealthy in the water. (Stealth+)
You are amphibious.
You can wear up to eight rings at the same time.
You can use your tentacles to constrict eight enemies at once.
Your skin changes colour to match your surroundings (Stealth+).
Your rubbery body absorbs attacks. (AC +1, EV +1)


   Skills:
 - Level 2.0 Dodging
 - Level 2.6 Stealth
 + Level 0.5 Shields
 + Level 2.9 Spellcasting
 * Level 4.8 Conjurations
 - Level 0.4 Hexes


You couldn't memorise any spells.
You knew the following spells:

 Your Spells              Type           Power        Failure   Level  Hunger
a - Magic Dart            Conj           ###.         2%          1    #......
b - Dazzling Spray        Conj/Hex       ##....       21%         3    ###....
f - Iskenderun's Mystic   Conj           ###.....     26%         4    #####..

Action                   |  1- 3 |  4- 6 || total
-------------------------+-------+-------++-------
Melee: Unarmed           |     3 |       ||     3
       Tentacles         |    10 |       ||    10
       Constrict         |     7 |       ||     7
       Dagger            |    28 |       ||    28
 Cast: Magic Dart        |    76 |     1 ||    77
       Iskenderun's Myst |       |     1 ||     1
  Use: Scroll            |     1 |     7 ||     8
       Potion            |       |     2 ||     2
  Eat: Chunk             |     7 |       ||     7
       Ration            |     1 |       ||     1
Armor: Skin              |     3 |       ||     3
Dodge: Dodged            |    15 |       ||    15

Inventory:

Hand Weapons
 a - a +0 vampiric dagger (weapon)
   (You found it on level 1 of the Dungeon)
Armour
 q - a +1 buckler
   (You found it on level 3 of the Dungeon)
Jewellery
 f - a ring of flight (left tentacle) {+Fly}
   (You found it on level 1 of the Dungeon)
 l - an uncursed amulet of faith {Faith}
   (You took it off a hobgoblin on level 2 of the Dungeon)
 p - a +3 amulet of reflection (around mantle)
   (You found it on level 3 of the Dungeon)
Wands
 v - a wand of acid (9)
   (You found it on level 2 of the Dungeon)
Scrolls
 r - a scroll of blinking {unknown}
 t - 3 scrolls of teleportation {!r}
Potions
 c - 2 potions of berserk rage
Books
 e - a book of Conjurations
Comestibles
 b - 7 rations
 d - 3 chunks of flesh


You were on level 3 of the Dungeon.
You were not hungry.

You visited 1 branch of the dungeon, and saw 3 of its levels.

You collected 284 gold pieces.

Dungeon Overview and Level Annotations

Branches:
Dungeon (3/15)

Altars:
Ashenzari
Cheibriados
Kikubaaqudgha
Trog
The Shining One

Annotations:
D:2 exclusions: frilled lizard and orc priest
D:3 tidbits's ghost, weakling VSWz

,,,,+,,,,*,#...(..###÷.....#
,,,,****,*,#[..(....###....#**
,*<,,,,,,*,##..(.....)###....#
,*********,*###.....###......####
,,,,,,,,,,,* #...###........##..
,,********** #.###..........##..
,,* #§§§............#[[ ,,*
##§##.######....+.. ,,*** #@##.#
#....#.. ,,,,* #§##.######....#..
,,*,* #§§............... ***,*
###########.##'### ***+***
#....... ,,,,,,* #########
#...†... ,,,,,,* #.......#
#....... ,,,,,,*
###..÷....######....... ,,,,,,*
#.'.......'...('.......


There were no monsters in sight!

Notes
Turn   | Place    | Note
-------+----------+-------------------------------------------
     0 | D:1      | theanonym the Octopode Conjurer began the quest for the Orb.
     0 | D:1      | Reached XP level 1. HP: 11/11 MP: 3/3
     6 | D:1      | Noticed a swamp drake
     6 | D:1      | Noticed a polar bear
     7 | D:1      | Noticed a black mamba
   100 | D:1      | HP: 1/11 [leopard gecko (5)]
   591 | D:1      | Reached XP level 2. HP: 17/17 MP: 1/5
  1691 | D:2      | Reached XP level 3. HP: 21/21 MP: 1/6
  1696 | D:2      | Learned a level 3 spell: Dazzling Spray
  2212 | D:2      | Found a bloodstained altar of Trog.
  2216 | D:2      | Found a snail-covered altar of Cheibriados.
  2218 | D:2      | Found a shattered altar of Ashenzari.
  2231 | D:2      | Found an ancient bone altar of Kikubaaqudgha.
  2373 | D:2      | Found a glowing golden altar of the Shining One.
  2678 | D:3      | Reached XP level 4. HP: 27/27 MP: 4/8
  2684 | D:3      | Learned a level 4 spell: Iskenderun's Mystic Blast
  2718 | D:3      | Noticed tidbits's ghost (weakling VSWz)
  2738 | D:3      | HP: 13/27 [poisoned by a kobold]
  2742 | D:3      | HP: 6/27 [poisoned by a kobold]
  2745 | D:3      | HP: 2/27 [poisoned by a kobold]
  2746 | D:3      | Succumbed to a kobold's poison

Vanquished Creatures
  2 adders (D:3)
  2 leopard geckos
  An orc (D:2)
  5 bats
  3 giant cockroaches
  4 goblins
  8 hobgoblins
  3 jackals (D:2)
  3 quokkas
  A frilled lizard (D:2)
  3 kobolds
  3 rats
  A fungus (D:1)
39 creatures vanquished.

Table legend:
 A = Turns spent in this place as a percentage of turns spent in the entire game.
 B = Non-inter-level travel turns spent in this place as a percentage of non-inter-level travel turns spent in the entire game.
 C = Inter-level travel turns spent in this place as a percentage of turns spent in this place.
 D = Turns resting spent in this place as a percentage of non-inter-level travel turns spent in this place.
 E = Turns spent auto-exploring this place as a percentage of non-inter-level travel turns spent in this place.
 F = Non-inter-level travel turns spent in this place divided by the number of levels of this place that you've seen.
                   A       B       C       D       E      F
               +-------+-------+-------+-------+-------+----------------------
         Total | 100.0 | 100.0 |   2.5 |  37.2 |  52.7 | 892.0
       Dungeon | 100.0 | 100.0 |   2.5 |  37.2 |  52.7 | 892.0
               +-------+-------+-------+-------+-------+----------------------
